 Dungeon Crawl Stone Soup version 0.31-a0-246-g8cbcc1cb85 (webtiles) character file.

Game seed: 3972704195296837748

38 Iniera the Sneak (level 3, -4/28 HPs)
             Began as a Demonspawn Brigand on July 13, 2023.
             Slain by Sigmund
             ... wielding a +0 scythe
              (10 damage)
             ... on level 2 of the Dungeon.
             The game lasted 00:01:14 (1345 turns).

Iniera the Sneak (Demonspawn Brigand)               Turns: 1345, Time: 00:01:15

Health: -4/28      AC:  6    Str: 13    XL:     3   Next: 25%
Magic:  3/3        EV: 15    Int: 12    God:
Gold:   52         SH:  0    Dex: 14    Spells: 2/2 levels left

rFire   . . .        h - +0 hand axe
rCold   . . .        (no shield)
rNeg    . . .        k - +0 ring mail
rPois   .            (no helmet)
rElec   .            c - +0 cloak
rCorr   .            (no gloves)
SInv    .            (no boots)
Will    .....        (no amulet)
Stlth   ++           g - +5 ring of evasion
HPRegen 0.24/turn    (no ring)
MPRegen 0.08/turn

%: no passive effects
@: brilliant
A: powered by death 1, weakness stinger 1
a: no special abilities


You were on level 2 of the Dungeon.
You visited 1 branch of the dungeon, and saw 2 of its levels.

You collected 52 gold pieces.

Inventory:

Hand Weapons
 h - a +0 hand axe (weapon)
Missiles
 d - 9 poisoned darts (quivered)
 z - 3 curare-tipped darts
Armour
 c - a +0 cloak (worn)
 k - a +0 ring mail (worn)
Jewellery
 g - a +5 ring of evasion (left hand)
Scrolls
 a - a scroll of brand weapon {unknown}
 e - 2 scrolls of fear {unknown}
 i - 2 scrolls of identify {unknown}
Potions
 f - a potion of enlightenment {unknown}
 j - 2 potions of mutation {unknown}
 l - a potion of resistance {unknown}


   Skills:
 + Level 2.4 Fighting
 - Level 1.7 Short Blades
 * Level 1.6 Axes
 - Level 2.0 Throwing
 - Level 0.8 Dodging
 + Level 3.9 Stealth


You had 2 spell levels left.
You didn't know any spells.
Your spell library was empty.

Dungeon Overview and Level Annotations

Branches:
Dungeon (2/15)

Altars:

Annotations:
D:2 Sigmund


Innate Abilities, Weirdness & Mutations

You regenerate a little health from kills.
You have a small tail.


Message History

No target in view!
No target in view!
No target in view!
No target in view!
An endoplasm comes into view.
An endoplasm is nearby!
The helpless endoplasm fails to defend itself.
You hit the endoplasm.
The endoplasm is heavily wounded.
The endoplasm barely misses you.
You hit the endoplasm.
You kill the endoplasm!
No target in view!
No target in view!
Sigmund the Dreaded comes into view.
He is wielding a +0 scythe and carrying a wand of flame.
Sigmund shouts!
Sigmund zaps a wand.
The puff of flame hits you.
Sigmund is nearby!
Sigmund zaps a wand.
The puff of flame hits you!
You are too injured to fight recklessly!
You are too injured to fight recklessly!
You are too injured to fight recklessly!
You are too injured to fight recklessly!
You are too injured to fight recklessly!
You are too injured to fight recklessly!
You are too injured to fight recklessly!
You are too injured to fight recklessly!
You are too injured to fight recklessly!
You are too injured to fight recklessly!
Sigmund casts a spell.
Sigmund flickers and vanishes!
Deactivating autopickup; reactivate with Ctrl-A.
You closely miss something. Something hits you.
You hit something. You tail-slap something. Something hits you!
* * * LOW HITPOINT WARNING * * *
You barely miss something.
It was a potion of brilliance.
You feel clever all of a sudden. Something hits you!
You die...

.##.....###.#
..†.............##
..#.###.#........#
.................
..#.......#.#.#.###
.................. .#
..#..##...#.#.#.####..#
..#..##...#...........#
..........#.....@{....#
..............######..#
..................#
.##..###..#.#######
.....# #..#.# .##..#
#..#.########. .# .#
#..#.......... .# #
#..#..#######. .#
###..#..###


There were no monsters in sight!

Vanquished Creatures
  An adder (D:2)
  3 bats (D:1)
  3 endoplasms
  4 hobgoblins
  4 jackals (D:1)
  4 kobolds (D:1)
  2 quokkas
  2 frilled lizards (D:1)
  A rat (D:2)
24 creatures vanquished.

Notes
Turn   | Place    | Note
-------+----------+-------------------------------------------
     0 | D:1      | Iniera the Demonspawn Brigand began the quest for the Orb.
     0 | D:1      | Reached XP level 1. HP: 16/16 MP: 1/1
   225 | D:1      | Gained mutation: You have a small tail. [demonic ancestry]
   225 | D:1      | Reached XP level 2. HP: 19/22 MP: 2/2
   390 | D:1      | Reached skill level 1 in Axes
  1149 | D:2      | Gained mutation: You regenerate a little health from kills.
                  | [demonic ancestry]
  1149 | D:2      | Reached XP level 3. HP: 24/28 MP: 3/3
  1337 | D:2      | Noticed Sigmund
  1345 | D:2      | Slain by Sigmund

Illustrated notes

Levels and vault maps discovered:
D:1:      co_arrival_hexagon_in_a_hexagon, layout_basic,
          minmay_misc_feat_encased
D:2:      layout_basic, basic_altar, grunt_decor_clamped, uniq_sigmund

Skill      XL: |  1  2 |
---------------+-------+-----
Throwing       | 2 |  2.0
Axes           | 1 |  1.6
Fighting       | |  2.4
Short Blades   | |  1.7
Dodging        | |  0.8
Stealth        | |  3.9

Action                     || total
---------------------------++-------
  Melee: Hand axe          ||    67
         Dagger            ||     4
         Tailslap          ||     3
    Use: Potion            ||     1
   Stab: Sleeping          ||     3
 Armour: Robe              ||    11
         Ring mail         ||     4
  Dodge: Dodged            ||    75

Table legend: (Time is in decaauts)
 A = Elapsed time spent in this place.
 B = Non-inter-level travel time spent in this place.
 C = Inter-level travel time spent in this place.
 D = Time resting spent in this place.
 E = Time spent auto-exploring this place.
 F = Levels seen in this place.
 G = Mean time per level.
                   A        B        C        D        E       F      G
               +--------+--------+--------+--------+--------+-----+--------+
         Total |   1359 |   1276 |     83 |      0 |   1046 |   2 |  679.5 |
       Dungeon |   1359 |   1276 |     83 |      0 |   1046 |   2 |  679.5 |
               +--------+--------+--------+--------+--------+-----+--------+

Top non-repeatable levels by time:
     D:1: 1036 daAuts
     D:2: 323 daAuts
